 Dungeon Crawl Stone Soup version 0.19-a0-722-g27ac516 (webtiles) character file.

114783 HAL9000 the Bludgeoner (level 16, -2/179 HPs)
             Began as an Ogre Berserker on June 20, 2016.
             Was a High Priest of Trog.
             Slain by a wolf spider (20 damage)
             ... on level 2 of the Lair of Beasts on June 21, 2016.
             The game lasted 01:42:18 (30881 turns).

HAL9000 the Bludgeoner (Ogre Berserker)            Turns: 30881, Time: 01:42:19

Health: -2/179     AC:  7    Str: 35    XL:     16   Next: 66%
Magic:  18/18      EV: 16    Int:  6    God:    Trog [*****.]
Gold:   1968       SH: 13    Dex: 12    Spells: 0 memorised, 15 levels left

rFire  . . .     SeeInvis +     O - +3 morningstar (vamp)
rCold  . . .     Gourm    +     W - +2 robe "Anogocky" {Str+7 Slay+3}
rNeg   . . .     Faith    .     P - +0 shield
rPois  +         Spirit   .     (helmet restricted)
rElec  .         Dismiss  .     L - +0 cloak
rCorr  .         Reflect  .     (gloves unavailable)
SustAt .         Harm     .     (boots unavailable)
MR     +....                    S - amulet of the gourmand
Stlth  ++........               H - ring of poison resistance
                                Y - ring of see invisible

@: exhausted, very slightly contaminated, slowed, very slow, somewhat resistant
to hostile enchantments, unstealthy
A: unfitting armour, hooves 1, tough skin 1
a: Berserk, Trog's Hand, Brothers in Arms, Burn Spellbooks, Renounce Religion


You were on level 2 of the Lair of Beasts.
You worshipped Trog.
Trog was extremely pleased with you.
You were not hungry.

You visited 5 branches of the dungeon, and saw 25 of its levels.

You collected 2375 gold pieces.
You spent 407 gold pieces at shops.

Inventory:

Hand Weapons
 a - a +4 antimagic eveningstar {god gift}
 O - a +3 vampiric morningstar (weapon)
Missiles
 g - 7 poisoned javelins {god gift}
 u - 9 javelins of returning {god gift}
 K - 8 tomahawks of returning
 T - 13 large rocks (quivered)
Armour
 L - a +0 cloak (worn)
 P - a +0 shield (worn)
 W - the +2 robe "Anogocky" (worn) {Str+7 Slay+3}
   (You found it on level 6 of the Dungeon)

   It affects your strength (+7).
   It affects your accuracy and damage with ranged weapons and melee attacks
   (+3).
Jewellery
 n - an uncursed ring of resist corrosion
 s - a +1 ring of evasion
 H - a ring of poison resistance (right hand)
 I - an uncursed ring of positive energy
 S - an amulet of the gourmand (around neck)
 V - an uncursed amulet of regeneration
 Y - a ring of see invisible (left hand)
Wands
 e - a wand of iceblast (12/15)
 f - a wand of disintegration (13/24)
 G - a wand of lightning (10/15)
Scrolls
 c - a scroll of fear
 i - 3 scrolls of identify
 j - 9 scrolls of remove curse
 l - 6 scrolls of teleportation
 v - 4 scrolls of fog
 w - 2 scrolls of magic mapping
 y - a scroll of blinking
 A - a scroll of holy word
 J - 3 scrolls of enchant armour
 U - a scroll of brand weapon
Potions
 k - 5 potions of brilliance
 m - 6 potions of curing
 o - 5 potions of agility
 q - 5 potions of heal wounds
 r - 8 potions of flight
 x - 2 potions of haste
 z - 2 potions of lignification
 B - 3 potions of might
 C - 2 potions of resistance
 D - 3 potions of ambrosia
 M - a potion of cancellation
 R - 3 potions of invisibility
Miscellaneous
 b - a fan of gales
Comestibles
 h - 10 meat rations
 t - 25 beef jerkies
 F - 4 slices of pizza
 N - 13 fruits


   Skills:
 + Level 16.2 Fighting
 - Level 16.2 Maces & Flails
 - Level 10.1 Throwing
 + Level 9.7 Armour
 + Level 11.9 Dodging
 - Level 4.3 Stealth
 - Level 10.3 Shields
 + Level 3.9 Evocations


You had 15 spell levels left.
You didn't know any spells.

Dungeon Overview and Level Annotations

Branches:
Dungeon (15/15)            Temple (1/1) D:5            Lair (6/6) D:10
  Swamp (0/4) Lair:3       Spider (1/4) Lair:2        Slime (0/5) Lair:6
    Orc (2/2) D:11            Elf (0/3) Orc:2        Vaults (0/5) D:14
 Depths (0/5) D:15

Altars:
Ashenzari
Cheibriados
Dithmenos
Elyvilon
Fedhas
Gozag
Hepliaklqana
Kikubaaqudgha
Makhleb
Nemelex Xobeh
Okawaru
Pakellas
Qazlal
Ru
Sif Muna
Trog
Uskayaw
Vehumet
Xom
Yredelemnul
Zin
The Shining One
Beogh
Jiyva

Shops:
D:8 *(%   D:12 (   D:15 *   Orc:2 ((?*


Innate Abilities, Weirdness & Mutations

You are too large for most types of armour.
You have tough skin. (AC +1)
You have large cloven feet.


Message History

You block the wolf spider's attack.
You completely miss the redback. Your kick misses the redback.
The redback is lightly wounded.
You block the redback's attack. The wolf spider hits you.
* * * LOW HITPOINT WARNING * * *
The wolf spider misses you. You block the redback's attack.
The wolf spider hits you!
* * * LOW HITPOINT WARNING * * *
The wolf spider barely misses you.
You impale the redback!!
You kill the redback!
Trog accepts your kill. The wolf spider hits you!
* * * LOW HITPOINT WARNING * * *
You block the wolf spider's attack.
You bludgeon the wolf spider!!
You feel better.
You kick the wolf spider, but do no damage.
The wolf spider is moderately wounded.
The wolf spider hits you!!
You die...

P..###....##.#....^## ##.##
##. ...##.#..####.#...#.##
#P.# #..
........####.###.#^#.## ##.#
##. ..#.#...###.#.#.#.#.#.#
#.# #.
#######.P###.###.#.#^##
#.### #[ .#
#...P###.###.#### ##.#.# #.
.# #..####^###.###.#
#...####. ## #P.#
##.#...#^## #........ ####
##.######..@s.## #........
P#P####....####...##
##..P....
.............##≈≈≈###
#..#....
#..#..#.P.P...#...#.#
#......#
..P####.............#
#....##. ...#
##.P#.#....#.#########.P.###
..##
#..P.#......##P##.#P...#.#
...#
##.........#.............#
..##
#.......####..#.P#.####.##


You could see a wolf spider.

Vanquished Creatures
  Rupert (D:14)
  Kirke (Lair:5)
  An orc warlord (Orc:2)
  The ghost of tstbtto the Severer, a journeyman DDFi of Hepliaklqana (D:14)
  The ghost of Catbag the Spear-Bearer, a journeyman MiFi of Trog (Lair:2)
  Snorg (Orc:1)
  Josephine (D:12)
  A fire dragon (Lair:6)
  Fannar (Lair:3)
  A vault guard (D:14)
  Harold (Lair:3)
  A rakshasa (D:15)
  9 hydras
  Erolcha (D:9)
  3 centaur warriors
  A tengu warrior (D:14)
  8 death yaks
  3 ogre magi
  A vampire mage (D:15)
  A titan zombie (D:15)
  Sonja (Lair:1)
  Nergalle (Orc:1)
  2 skeletal warriors (D:15)
  The ghost of crawlian the Arsonist, a novice DEFE of Vehumet (D:11)
  6 unseen horrors
  2 deep trolls (Orc:2)
  2 lindwurms (Lair:6)
  7 hill giants
  2 deep elf magi
  4 orc knights
  A necromancer (D:15)
  An oklob plant (Lair:5)
  A sphinx zombie (D:15)
  2 wolf spiders (Spider:1)
  8 ugly things
  2 orb spiders (Spider:1)
  3 orc sorcerers (Orc:2)
  2 cyclopes (Orc:2)
  A fire giant zombie (D:15)
  4 griffons
  8 elephants
  Maurice (Orc:1)
  2 centaur zombies
  4 black mambas
  7 torpor snails
  10 spiny frogs
  2 gargoyles
  A rime drake (shapeshifter) (D:15)
  2 rime drakes
  11 komodo dragons
  A kobold demonologist (D:14)
  8 polar bears (Lair:6)
  4 giant leeches (Lair:6)
  8 trolls
  7 jumping spiders
  7 two-headed ogres
  A hornet zombie (D:14)
  2 raiju (Lair:6)
  26 blink frogs
  A slime creature (D:11)
  A boulder beetle (Lair:6)
  2 tarantellas (Spider:1)
  5 redbacks
  51 yaks
  7 wraiths
  10 hippogriffs
  5 wyverns
  An elf skeleton (D:15)
  A hog (Lair:4)
  2 basilisks
  A hungry ghost (D:8)
  A steam dragon (D:12)
  9 wargs
  12 water moccasins
  6 hell hounds (Lair:6)
  7 porcupines
  21 orc warriors
  16 black bears
  5 sky beasts
  6 wasps
  2 ice beasts
  26 ogres
  4 phantoms
  18 wolves
  24 centaurs
  The ghost of tstbtto the Chopper, an amateur GrFi of Qazlal (D:3)
  9 crocodiles
  25 giant frogs
  A gnoll sergeant (D:8)
  2 water moccasin zombies
  7 scorpions
  A wyvern skeleton (D:10)
  2 water moccasin skeletons
  12 killer bees
  2 electric eels
  6 crimson imps
  A giant frog zombie (D:6)
  A quasit (D:7)
  A wyvern simulacrum (D:14)
  19 hounds
  19 orc priests
  3 centaur skeletons
  9 jellies
  3 giant frog skeletons
  5 iguanas
  Natasha (thrice) (D:3)
  23 orc wizards
  10 worker ants
  A statue (D:5)
  16 sheep
  A hound skeleton (D:6)
  Robin (D:2)
  A worker ant zombie (D:8)
  9 adders
  8 gnolls
  63 river rats
  A shadow imp (D:5)
  6 oozes
  An adder zombie (D:5)
  An adder skeleton (D:4)
  19 worms
  4 dart slugs
  5 giant geckos
  112 orcs
  3 ball pythons
  2 giant cockroaches (D:4)
  18 hobgoblins
  34 jackals
  2 quokkas (D:11)
  8 bats
  7 giant newts
  18 goblins
  9 kobolds
  6 rats
  A bush (Lair:5)
  2 fungi
  A plant (Lair:3)
973 creatures vanquished.

Vanquished Creatures (collateral kills)
  2 hill giants
  2 two-headed ogres (Orc:2)
  5 trolls
  3 ogres (Orc:2)
  A centaur skeleton (D:10)
13 creatures vanquished.

Vanquished Creatures (others)
  A blink frog (Lair:6)
  A human (Lair:5)
  A hound (D:9)
  An orc wizard (D:10)
  3 orcs (D:10)
  4 fungi
  21 plants
32 creatures vanquished.

Grand Total: 1018 creatures vanquished

Notes
Turn   | Place    | Note
--------------------------------------------------------------
     0 | D:1      | HAL9000 the Ogre Berserker began the quest for the Orb.
     0 | D:1      | Reached XP level 1. HP: 24/24 MP: 1/1
   125 | D:1      | Reached XP level 2. HP: 20/32 MP: 2/2
   665 | D:1      | Reached XP level 3. HP: 38/40 MP: 3/3
   923 | D:1      | Reached ** piety under Trog
  1267 | D:1      | Reached skill level 5 in Maces & Flails
  1312 | D:2      | Noticed Robin
  1334 | D:1      | Reached skill level 5 in Fighting
  1334 | D:1      | Reached XP level 4. HP: 20/50 MP: 4/4
  1770 | D:2      | Killed Robin
  2161 | D:2      | Found an iron altar of Okawaru.
  2662 | D:3      | Noticed Natasha
  2670 | D:3      | Killed Natasha
  2670 | D:3      | Reached XP level 5. HP: 31/58 MP: 5/5
  3138 | D:3      | Gained mutation: You have large cloven feet. [potion of beneficial mutation]
  3454 | D:3      | Found a sparkling altar of Nemelex Xobeh.
  3537 | D:3      | Reached *** piety under Trog
  3581 | D:3      | Noticed tstbtto's ghost (amateur GrFi)
  3589 | D:3      | Killed tstbtto's ghost
  3589 | D:3      | Reached XP level 6. HP: 67/67 MP: 6/6
  3750 | D:3      | Found a snail-covered altar of Cheibriados.
  4038 | D:3      | Noticed Natasha
  4044 | D:3      | Killed Natasha
  4056 | D:3      | Noticed Natasha
  4060 | D:3      | Killed Natasha
  4129 | D:4      | Noticed a phantom
  4424 | D:4      | Killed a phantom
  4424 | D:4      | Reached XP level 7. HP: 76/76 MP: 7/7
  4429 | D:4      | Found a sparkling altar of Nemelex Xobeh.
  4472 | D:4      | Found an opulent altar of Gozag.
  5659 | D:4      | Found an iron altar of Okawaru.
  5708 | D:5      | Entered Level 5 of the Dungeon
  5734 | D:5      | Found a basalt altar of Yredelemnul.
  5959 | D:5      | Found a shimmering altar of Xom.
  5960 | D:5      | Found a hide-covered altar of Uskayaw.
  5970 | D:5      | Found a shadowy altar of Dithmenos.
  6000 | D:5      | Found a staircase to the Ecumenical Temple.
  6009 | Temple   | Entered the Ecumenical Temple
  6486 | D:5      | Reached XP level 8. HP: 88/88 MP: 8/8
  6488 | D:5      | Reached **** piety under Trog
  6603 | D:5      | Reached skill level 1 in Armour
  6835 | D:5      | Found a radiant altar of Vehumet.
  7094 | D:6      | Reached skill level 10 in Maces & Flails
  7697 | D:6      | Reached XP level 9. HP: 74/97 MP: 9/9
  8064 | D:6      | Got a heavily jewelled robe
  8065 | D:6      | Identified the +2 robe "Anogocky" {Str+7 Slay+3} (You found it on level 6 of the Dungeon)
  8177 | D:7      | Reached skill level 5 in Dodging
  8261 | D:7      | Found a hazy altar of Hepliaklqana.
  8399 | D:7      | Reached skill level 1 in Throwing
  8784 | D:7      | Found a bloodstained altar of Trog.
  8785 | D:7      | Found an ancient bone altar of Kikubaaqudgha.
  9012 | D:7      | Found a white marble altar of Elyvilon.
  9426 | D:8      | Reached skill level 10 in Fighting
  9426 | D:8      | Reached XP level 10. HP: 110/110 MP: 10/10
  9860 | D:8      | Found an ancient bone altar of Kikubaaqudgha.
 10081 | D:8      | Found a glowing golden altar of the Shining One.
 10098 | D:8      | Found Efunaiz's Assorted Antiques.
 10560 | D:8      | Found a bloodstained altar of Trog.
 10680 | D:8      | Reached skill level 1 in Shields
 10760 | D:8      | Found Fosek's Weapon Shop.
 10892 | D:8      | Found Kehyghy's Food Emporium.
 11036 | D:9      | Noticed Erolcha
 11046 | D:9      | Killed Erolcha
 11046 | D:9      | Reached skill level 5 in Throwing
 11139 | D:9      | Found a stormy altar of Qazlal.
 11809 | D:10     | Entered Level 10 of the Dungeon
 11858 | D:10     | Noticed a gargoyle
 11865 | D:10     | Killed a gargoyle
 11951 | D:10     | Found a staircase to the Lair.
 12134 | D:10     | Reached XP level 11. HP: 99/118 MP: 11/11
 12364 | D:10     | Noticed a hill giant
 12368 | D:10     | Killed a hill giant
 12491 | Lair:1   | Entered Level 1 of the Lair of Beasts
 12693 | Lair:1   | Noticed Sonja
 12697 | Lair:1   | Killed Sonja
 13415 | Lair:2   | Reached skill level 5 in Shields
 13515 | Lair:2   | Found a hole to the Spider Nest.
 13538 | Lair:2   | Reached skill level 15 in Maces & Flails
 14244 | Lair:2   | Reached XP level 12. HP: 126/126 MP: 12/12
 14571 | Lair:2   | Noticed Catbag's ghost (journeyman MiFi)
 14595 | Lair:2   | Killed Catbag's ghost
 14844 | Lair:3   | Noticed Fannar
 14850 | Lair:3   | Killed Fannar
 14961 | Lair:3   | Received a gift from Trog
 15012 | Lair:3   | Noticed Harold
 15027 | Lair:3   | Killed Harold
 15144 | Lair:3   | Reached ***** piety under Trog
 15212 | Lair:3   | Found a staircase to the Swamp.
 15248 | Lair:3   | You fall through a shaft!
 15254 | Lair:4   | Received a gift from Trog
 15754 | Lair:3   | Reached skill level 10 in Throwing
 15765 | Lair:3   | Noticed a six-headed hydra
 15768 | Lair:3   | Killed a six-headed hydra
 15923 | Lair:3   | Received a gift from Trog
 16059 | Lair:3   | Reached XP level 13. HP: 94/133 MP: 13/13
 16941 | Lair:4   | Received a gift from Trog
 18107 | Lair:5   | Noticed Kirke
 18479 | Lair:5   | Killed Kirke
 18547 | Lair:5   | Reached skill level 5 in Armour
 18626 | Lair:5   | Received a gift from Trog
 18938 | Lair:5   | Received a gift from Trog
 19233 | Lair:5   | Reached XP level 14. HP: 139/150 MP: 14/14
 19300 | Lair:5   | Received a gift from Trog
 19768 | Lair:6   | Entered Level 6 of the Lair of Beasts
 19768 | Lair:6   | Found a viscous altar of Jiyva.
 19768 | Lair:6   | Found a staircase to the Slime Pits.
 20190 | Lair:6   | Reached skill level 1 in Stealth
 20291 | Lair:6   | Received a gift from Trog
 20753 | Lair:6   | Found a runed door.
 20797 | Lair:6   | Paralysed by a wasp for 2 turns
 20807 | Lair:6   | Received a gift from Trog
 21017 | Lair:6   | Identified a +4 rod of inaccuracy (11/11) (You found it on level 6 of the Lair of Beasts)
 21419 | Lair:6   | Reached skill level 10 in Dodging
 21654 | Lair:6   | Received a gift from Trog
 22118 | D:11     | Reached ****** piety under Trog
 22125 | D:11     | Received a gift from Trog
 22128 | D:11     | Got a steaming dire flail {god gift}
 22131 | D:11     | Identified the +3 dire flail of Premature Burial {god gift, holy, rPois Str+2} (Trog gifted it to you on level 11 of the Dungeon)
 22173 | D:11     | Reached XP level 15. HP: 111/163 MP: 15/15
 22438 | D:11     | Found a staircase to the Orcish Mines.
 22450 | Orc:1    | Entered Level 1 of the Orcish Mines
 22511 | Orc:1    | Found a roughly hewn altar of Beogh.
 22587 | Orc:1    | Noticed Nergalle
 22641 | Orc:1    | Killed Nergalle
 23140 | Orc:1    | Noticed Maurice
 23174 | Orc:1    | Killed Maurice
 23325 | Orc:1    | Noticed Snorg
 23336 | Orc:1    | Killed Snorg
 23465 | Orc:2    | Entered Level 2 of the Orcish Mines
 23465 | Orc:2    | Found Jennenox's Weapon Shop.
 23865 | Orc:2    | Noticed an orc warlord
 23874 | Orc:2    | Received a gift from Trog
 23879 | Orc:2    | Killed an orc warlord
 23881 | Orc:2    | Found Odghynk's Assorted Antiques.
 24165 | Orc:2    | Found Ecetat Jeci's Weapon Shoppe.
 24184 | Orc:2    | Bought a scroll of identify for 62 gold pieces
 24184 | Orc:2    | Bought a scroll labeled VIMAUVUTES for 31 gold pieces
 24187 | Orc:2    | Found Nydidwod's Magic Scroll Shop.
 24199 | Orc:2    | Found a staircase to the Elven Halls.
 24252 | Orc:2    | Bought a scroll of enchant armour for 112 gold pieces
 24252 | Orc:2    | Bought a scroll of teleportation for 45 gold pieces
 24252 | Orc:2    | Bought a scroll of enchant armour for 112 gold pieces
 24252 | Orc:2    | Bought a scroll of teleportation for 45 gold pieces
 24409 | Orc:2    | Received a gift from Trog
 24864 | D:11     | Noticed crawlian's ghost (novice DEFE)
 24876 | D:11     | Killed crawlian's ghost
 25156 | D:12     | Noticed Josephine
 25158 | D:12     | Reached skill level 15 in Fighting
 25171 | D:12     | Killed Josephine
 25171 | D:12     | Reached skill level 10 in Shields
 25532 | D:12     | Found a sacrificial altar of Ru.
 25620 | D:12     | Found Gaupo's Antique Weapon Emporium.
 26735 | D:12     | Received a gift from Trog
 27688 | D:14     | Found a blossoming altar of Fedhas.
 27929 | D:14     | Noticed Rupert
 27949 | D:14     | Killed Rupert
 27949 | D:14     | Reached XP level 16. HP: 176/176 MP: 16/16
 28004 | D:14     | Reached skill level 1 in Evocations
 28027 | D:14     | Noticed tstbtto's ghost (journeyman DDFi)
 28049 | D:14     | Killed tstbtto's ghost
 28756 | D:14     | Received a gift from Trog
 28840 | D:14     | Found a gate to the Vaults.
 29003 | D:15     | Entered Level 15 of the Dungeon
 29107 | D:15     | Found Yffewnih's Demolitions Depot.
 29513 | D:15     | Found a staircase to the Depths.
 30675 | Spider:1 | Entered Level 1 of the Spider Nest
 30786 | Spider:1 | Upgraded the game from 0.19-a0-713-g934ebc7 to 0.19-a0-722-g27ac516
 30876 | Lair:2   | HP: 5/179 [redback (12)]
 30881 | Lair:2   | Slain by a wolf spider

Vault maps used:
D:1:      dpeg_arrival_rooms_a
D:2:      kennysheep_okawaru_gauntlet, uniq_robin
D:3:      lemuel_coloured_pillars_altar, nemelex_dance_club_becter, uniq_natasha
D:4:      lemuel_round_altar, nicolae_overflow_crystal_walls,
          nemelex_xobeh_ov_fountains_minmay, hangedman_abyss_or_decor_slice
D:5:      minitemple, vehumet_statue, minmay_temple_entry_poolview, first_bread,
          basic_altar
D:7:      overflow_temple_1_default, lemuel_round_altar,
          gammafunk_temple_overflow_statue
D:8:      nicolae_tso_carved_into_rock, basic_altar, serial_shops,
          nicolae_shop_stone, nicolae_shop_behind_doors, shop, bloody_trog
D:9:      nicolae_qazlal_eye_of_the_storm, uniq_erolcha
D:10:     lemuel_flame_loot_2, lair_0_dummy
D:11:     david_orc_4, enter_bailey_3, hangedman_little_slice_of_home
D:12:     basic_altar, serial_shops, shop, special_room,
          minmay_misc_feat_more_columns, st_stairs_8, minmay_misc_feat_x,
          spider_trap, uniq_josephine
D:13:     lemuel_old_faithful
D:14:     david_vaults_5, hangedman_decor_push, fedhas_altar_1, uniq_rupert
D:15:     gammafunk_depths_entry_grave, glass_columns_c, nicolae_blasting_shop
Temple:   nicolae_temple_figure_zero
Lair:1:   grunt_megastairs_4, uniq_sonja
Lair:2:   nicolae_spider_entry_tight_spaces
Lair:3:   swamp_mist, serial_bayou_shore_b, serial_bayou_shore_a,
          grunt_megastairs_3, uniq_fannar, uniq_harold
Lair:4:   grunt_megastairs_5
Lair:5:   minmay_lair_oklob_bushes, grunt_megastairs_2, uniq_kirke
Lair:6:   wormcave, hangedman_lair_caniforms_friends, slime_altar_1
Orc:1:    mines1_david, uniq_maurice, uniq_snorg, uniq_nergalle
Orc:2:    st_orc_open

Skill      XL: |  1  2  3  4  5  6  7  8  9 10 11 12 13 14 15 16 |
---------------+-------------------------------------------------+-----
Dodging        | 3 4 5 6 8 10 11 | 11.9
Maces & Flails | 5 6 7 8 9 10 12 14 15 16 | 16.2
Fighting       | 5 6 7 8 10 12 14 15 16 | 16.2
Armour         | 2 3 5 7 8 9 |  9.7
Throwing       | 3 6 8 10 | 10.1
Shields        | 3 6 8 9 10 | 10.3
Stealth        | 4 |  4.3
Evocations     | 3 |  3.9

Action                   |  1- 3 |  4- 6 |  7- 9 | 10-12 | 13-15 | 16-18 || total
-------------------------+-------+-------+-------+-------+-------+-------++-------
Melee: Mace              |   157 |   183 |   223 |       |       |       ||   563
       Kick              |       |    28 |   110 |   209 |   734 |   161 ||  1242
       Unarmed           |       |     1 |       |       |       |       ||     1
       Flail             |       |       |   105 |       |       |       ||   105
       Morningstar       |       |       |    61 |   547 |  1599 |   287 ||  2494
       Eveningstar       |       |       |       |       |       |    25 ||    25
Throw: Large rock        |       |       |     1 |    20 |    19 |    10 ||    50
       Tomahawk          |       |       |       |       |     4 |       ||     4
       Javelin           |       |       |       |       |     2 |       ||     2
Invok: Berserk           |     1 |     2 |     4 |     7 |     9 |     2 ||    25
       Trog's Hand       |       |     3 |     7 |     7 |     9 |       ||    26
       Brothers in Arms  |       |       |       |     3 |     3 |     1 ||     7
       Burn Spellbooks   |       |       |       |     2 |     1 |       ||     3
Evoke: Wand              |       |     1 |     1 |     3 |       |       ||     5
  Use: Scroll            |       |     7 |    15 |    14 |    13 |     2 ||    51
       Potion            |       |     1 |     1 |     2 |     3 |     5 ||    12
 Stab: Sleeping          |       |       |       |       |     7 |       ||     7
  Eat: Chunk             |     2 |    12 |    17 |    49 |    54 |    11 ||   145
       Meat ration       |       |       |     2 |       |       |       ||     2
       Pizza             |       |       |     1 |       |       |     1 ||     2
       Royal jelly       |       |       |       |       |     1 |       ||     1
Armor: Animal skin       |    58 |    37 |    65 |       |       |       ||   160
       Robe              |       |       |    20 |    58 |   168 |    49 ||   295
Dodge: Dodged            |   109 |   102 |   254 |   241 |   698 |   146 ||  1550
Block: Shield            |       |       |       |   221 |   912 |   190 ||  1323
